 Dungeon Crawl Stone Soup version 0.29-a0-389-gd8082fcd2d (webtiles) character file.

Game seed: 2161237662315180193

106046 Bruhh the Destroyer (level 15, -16/108 (115) HPs)
             Began as a Demonspawn Ice Elementalist on May 8, 2022.
             Was an Elder of Fedhas.
             Demolished by a tentacled starspawn (22 damage)
             ... on level 2 of the Abyss.
             The game lasted 02:16:52 (27633 turns).

Bruhh the Destroyer (Demonspawn Ice Elementalist)  Turns: 27633, Time: 02:16:52

HP:   -16/108 (115) AC: 19    Str:  9      XL:     15   Next: 96%
MP:   0/29          EV: 10    Int: 26 (29) God:    Fedhas [****..]
Gold: 1836          SH: 16    Dex: 18      Spells: 2/35 levels left

rFire   . . .      SeeInvis .   a - staff of cold
rCold   + + +      Faith    .   G - +0 kite shield
rNeg    . . .      Spirit   +   o - +0 troll leather armour {Pargi}
rPois   .          Reflect  .   v - +1 helmet {Int+3}
rElec   .          Harm     .   h - +0 cloak
rCorr   +          Rampage  .   (no gloves)
Will    +....                   (no boots)
Stlth   ++........              I - amulet of regeneration
HPRegen 1.88/turn               O - ring "Pemuank" {+Blink rC+++ rCorr Dex+5}
MPRegen 0.42/turn               N - ring of wizardry

@: drained
A: icy blue scales 3, icemail 2, magic shield, magic regeneration, condensation
shield, demonic touch 2, fangs 1, clever 1
a: Renounce Religion, Evoke Blink, Wall of Briars, Grow Ballistomycete, Overgrow


You were on level 2 of the Abyss.
You worshipped Fedhas.
Fedhas was greatly pleased with you.
You visited 6 branches of the dungeon, and saw 26 of its levels.
You visited the Abyss 2 times.
You also visited: Sewer and Bailey.

You collected 2674 gold pieces.
You spent 838 gold pieces at shops.

Inventory:

Missiles
 Y - 3 throwing nets
Armour
 h - a +0 cloak (worn)
 o - a +0 troll leather armour (worn) {Pargi}
 v - a +1 helmet of intelligence (worn)
 G - a +0 kite shield (worn)
Magical Staves
 a - a staff of cold (weapon)
Jewellery
 e - a ring of protection from fire
 x - a ring of see invisible
 H - a ring of resist corrosion
 I - an amulet of regeneration (around neck)
 N - a ring of wizardry (right hand)
 O - the ring "Pemuank" (left hand) {+Blink rC+++ rCorr Dex+5}
   (You found it on level 9 of the Dungeon)

   [ring of resist corrosion]

   Dex:       It affects your dexterity (+5).
   rC:        It renders you almost immune to cold.
   +Blink:    It lets you blink.
   rCorr:     It protects you from acid and corrosion.
Wands
 c - a wand of digging (8)
 n - a wand of polymorph (9)
 q - a wand of iceblast (2)
 t - a wand of acid (2) (quivered)
 w - a wand of flame (43)
 K - a wand of paralysis (19)
 L - a wand of charming (11)
 P - a wand of mindburst (6)
Scrolls
 i - 4 scrolls of teleportation
 s - 3 scrolls of enchant weapon
 u - 2 scrolls of enchant armour
 y - 3 scrolls of fear
 A - 2 scrolls of fog
 D - 4 scrolls of amnesia
 R - 2 scrolls of poison
 S - 2 scrolls of vulnerability
 W - a scroll of silence
 X - a scroll of brand weapon
Potions
 b - 3 potions of resistance
 f - 2 potions of ambrosia
 g - 2 potions of berserk rage
 j - 9 potions of curing
 l - a potion of haste
 m - 5 potions of lignification
 p - 8 potions of might
 r - 3 potions of attraction
 z - 5 potions of brilliance
 Q - a potion of cancellation
 Z - 4 potions of flight
Miscellaneous
 d - a phial of floods (inert)
 V - a lightning rod (3/4)


   Skills:
 - Level 10.0 Fighting
 - Level 1.7 Dodging
 - Level 1.7 Stealth
 - Level 10.8 Shields
 - Level 10.6 Spellcasting
 - Level 12.0 Conjurations
 - Level 4.0 Hexes
 - Level 6.0 Summonings
 - Level 4.0 Translocations
 - Level 11.0 Ice Magic
 - Level 4.0 Air Magic
 + Level 4.5 Earth Magic
 * Level 9.5 Invocations
 - Level 8.0 Evocations


You had 2 spell levels left.
You knew the following spells:

 Your Spells              Type           Power      Damage    Failure   Level
a - Freeze                Ice            100%       1d11      1%          1
b - Frozen Ramparts       Ice            100%       1d12      1%          3
c - Ozocubu's Armour      Ice            82%        N/A       1%          3
d - Summon Ice Beast      Ice/Summ       72%        N/A       1%          4
e - Hailstorm             Conj/Ice       84%        3d17      1%          4
f - Fulminant Prism       Conj/Hex       26%        3d14      1%          4
g - Iskenderun's Mystic   Conj/Tloc      53%        2d11      1%          4
h - Freezing Cloud        Conj/Ice/Air   37%        6-21      3%          5
i - Lee's Rapid Deconstr  Erth           18%        3d12*     22%         5

Your spell library contained the following spells:

 Spells                   Type           Power      Damage    Failure   Level
 Apportation              Tloc           68%        N/A       1%          1
 Shock                    Conj/Air       100%       1d9       1%          1
 Summon Small Mammal      Summ           100%       N/A       1%          1
 Animate Skeleton         Necr           26%        N/A       5%          1
 Dazzling Flash           Conj/Hex       100%       N/A       1%          3
 Confusing Touch          Hex            34%        N/A       3%          3
 Swiftness                Air            34%        N/A       3%          3
 Ice Form                 Ice/Tmut       59%        N/A       6%          4
 Airstrike                Air            17%        N/A       11%         4
 Passage of Golubria      Tloc           34%        N/A       11%         4
 Silence                  Hex/Air        17%        N/A       26%         5
 Yara's Violent Unravell  Hex/Tmut       12%        3d7       52%         5
 Simulacrum               Ice/Necr       29%        N/A       61%         6
 Agony                    Necr           13%        N/A       78%         5
 Enfeeble                 Hex            17%        N/A       100%        7
 Lehudib's Crystal Spear  Conj/Erth      27%        10d7      100%        8
 Polar Vortex             Ice            41%        N/A       100%        9


Dungeon Overview and Level Annotations

Branches:
Dungeon (14/15)            Temple (1/1) D:7            Lair (6/6) D:10
 Shoals (2/4) Lair:2       Spider (0/4) Lair:3        Slime (1/5) Lair:5
    Orc (2/2) D:10            Elf (0/3) Orc:2        Vaults (0/5) D:14
  Sewer (visited)          Bailey (visited)

Altars:
Ashenzari
Cheibriados
Dithmenos
Elyvilon
Fedhas
Gozag
Hepliaklqana
Kikubaaqudgha
Makhleb
Nemelex Xobeh
Okawaru
Qazlal
Ru
Sif Muna
Trog
Uskayaw
Vehumet
Wu Jian
Xom
Yredelemnul
Zin
The Shining One
Beogh

Shops:
D:2 [   D:3 [   D:5 [   D:10 *   Orc:1 (   Orc:2 ([?[

Portals:
Trove: D:10 (give +4 ice dragon scales)

Annotations:
D:9 2 transporters, paps's ghost, novice OpEE
D:10 3 runed translucent doors, Flugkiller's ghost, journeyman PaCK
D:12 2 runed translucent doors
Shoals:2 Louise


Innate Abilities, Weirdness & Mutations

You are completely covered in icy blue scales. (AC +4, rC+)
A meltable icy envelope protects you from harm. (AC +8)
When hurt, damage is shared between your health and your magic reserves.
You regenerate magic rapidly.
A meltable shield of frost defends you. (SH +4)
Your touch may inflict irresistible damage on your foes.
You have very sharp teeth.
Your mind is acute. (Int +2)


Message History

The mystic blast hits the starspawn tentacle!
The starspawn tentacle is heavily damaged.
You hear a splashing noise.
The starspawn tentacle grabs you. The starspawn tentacle constricts you.
Unknown command.
Hit: a) staff of cold
Press: ? - help, Dir - move target Your weapon can't reach that far!
Okay, then.
Unknown command.
Casting: Iskenderun's Mystic Blast (mildly dangerous; 1% risk of failure)
Confirm with . or Enter, or press ? or * to list all spells.
Okay, then.
Okay, then.
Aim the phial where?
Press: ? - help, Shift-Dir - straight line
Aim: Disturbance The torrent of water hits something.
The wave splashes down.
You hear a chilling moan.
You hear a shout!
The starspawn tentacle constricts you.
* * * LOW HITPOINT WARNING * * *
Aiming: Thunderbolt
Press: ? - help, Shift-Dir - straight line, f - tentacled starspawn
Aim: a tentacled starspawn (moderately damaged)
The thunderbolt hits the tentacled starspawn!
The tentacled starspawn is heavily damaged.
The starspawn tentacle loses its grip on you.
The tentacled starspawn bites you!!
* * * LOW HITPOINT WARNING * * *
The tentacled starspawn tentacle-slaps you but does no damage.
An apocalypse crab comes into view.
You block the starspawn tentacle's attack. x2
Aiming: Corrosive Bolt
Press: ? - help, Shift-Dir - straight line, f/p - tentacled starspawn
Aim: a tentacled starspawn (heavily damaged, 91% to hit)
The bolt of acid hits the tentacled starspawn!!
The tentacled starspawn is severely damaged.
The tentacled starspawn bites you!!
You die...
Fedhas appreciates your contribution to the ecosystem.

. ##.... .t
..... #.... #
.#...... .# . #.
.#.... #.. .. .
......###.##..
#.........#≈
≈≈#..
........w.#≈≈≈.#
≈ ≈
<......X@{≈≈# .
#. ......w≈#≈≈≈#
#
##.....###§.≈.#
.. #.## .
#...#.# ≈# .≈
##..# .# .# ≈
#... . ≈≈ ≈.≈ #
# ..#. .#≈ ≈..
...## . #≈.. .


You could see a tentacled starspawn, an apocalypse crab and 2 starspawn
tentacles.

Vanquished Creatures
  Saint Roka (Orc:2)
  Rupert (Lair:3)
  2 tentacled starspawn (Abyss:2)
  An orc warlord (Orc:1)
  A white draconian (Abyss:2)
  A dire elephant (Lair:6)
  Josephine (Lair:5)
  A merfolk impaler (Shoals:1)
  4 vault guards (D:14)
  3 hydras
  A merfolk aquamancer (Shoals:1)
  Erica (D:8)
  A boulder beetle (D:12)
  A merfolk avatar (Shoals:2)
  3 catoblepae
  A death knight (D:13)
  A satyr (Shoals:1)
  2 centaur warriors
  3 two-headed ogres
  3 death yaks (Lair:3)
  3 orc high priests (Orc:2)
  Sonja (Lair:4)
  Lodul (D:11)
  5 sea snakes (Shoals:1)
  3 starcursed masses (Abyss:2)
  A wizard (D:14)
  2 deep elf pyromancers
  13 harpies
  4 orc knights
  4 orc sorcerers
  8 fauns
  A large abomination (Abyss:2)
  7 manticores
  An ugly thing (D:14)
  4 merfolk sirens
  6 cyclopes
  21 elephants
  2 vault sentinels (D:8)
  A smoke demon (Abyss:2)
  A black mamba (Lair:2)
  10 cane toads
  3 gargoyles
  5 rime drakes
  16 komodo dragons
  An efreet (D:13)
  2 freezing wraiths
  3 merfolk (Shoals:1)
  3 polar bears
  A queen bee (Lair:2)
  4 trolls
  2 wind drakes
  2 hornets
  4 slime creatures
  11 blink frogs
  A raiju (Abyss:2)
  4 dream sheep (Shoals:1)
  5 snapping turtles
  A culicivora (shapeshifter) (D:14)
  6 wyverns
  6 wraiths
  A ynoxinul (Abyss:2)
  8 water elementals
  14 yaks
  4 steam dragons
  4 vampire mosquitoes
  2 basilisks
  4 redbacks (Lair:3)
  2 neqoxecs (Abyss:2)
  4 wargs (Orc:2)
  An acid dragon (D:12)
  31 water moccasins
  3 small abominations (Abyss:2)
  2 ice beasts
  23 orc warriors
  Pargi (Sewer)
  A black bear (D:6)
  9 ogres
  3 wolves (Lair:4)
  3 centaurs
  A phantom (D:6)
  5 kobold brigands
  16 bullfrogs
  2 scorpions
  A gnoll sergeant (D:8)
  5 wights
  28 killer bees
  5 electric eels
  5 howler monkeys
  3 hounds (D:5)
  7 jellies
  Crazy Yiuf (D:2)
  10 orc priests
  2 gnoll shamans
  Natasha (thrice) (D:3)
  5 iguanas
  21 orc wizards
  19 gnolls
  23 adders
  2 river rats (D:12)
  2 white imps
  An ufetubus (D:4)
  2 worms
  4 dart slugs
  63 orcs
  10 endoplasms
  2 giant cockroaches
  9 goblins
  6 hobgoblins
  6 jackals
  36 kobolds
  6 quokkas
  8 ball pythons
  2 bats
  4 frilled lizards
  12 rats
  A spectral orc (D:8)
  A butterfly (Lair:3)
  3 starspawn tentacles (Abyss:2)
674 creatures vanquished.

Vanquished Creatures (collateral kills)
  A hellephant (Abyss:2)
  A merfolk avatar (Lair:6)
  A soul eater (Abyss:2)
  A starcursed mass (Abyss:2)
  A salamander (Lair:2)
  An ugly thing (D:13)
  A cyclops (D:12)
  An orange demon (Abyss:2)
  Maggie (D:9)
  2 gargoyles (D:7)
  A kobold demonologist (D:12)
  2 polar bears
  A slime creature (Lair:5)
  2 raiju (Abyss:2)
  A wyvern (Lair:4)
  4 yaks
  A water elemental (D:12)
  A basilisk (Lair:4)
  A chaos spawn (Abyss:2)
  2 vampire mosquitoes (D:12)
  3 ogres (D:11)
  A phantom (D:6)
  A bullfrog (D:9)
  A scorpion (D:6)
  A wight (D:8)
  An electric eel (D:12)
  An ufetubus (Abyss:2)
  2 orcs
  A starspawn tentacle (Abyss:2)
39 creatures vanquished.

Vanquished Creatures (others)
  A small abomination (Abyss:2)
  A water moccasin (Lair:6)
  A bullfrog (Lair:1)
  An orc priest (Orc:2)
  An orc wizard (Orc:2)
  An adder (D:6)
  16 fulminant prisms
  50 fungi
  A lurking horror (Abyss:2)
  125 plants
  9 starspawn tentacles (Abyss:2)
207 creatures vanquished.

Grand Total: 920 creatures vanquished

Notes
Turn   | Place    | Note
-------+----------+-------------------------------------------
     0 | D:1      | Bruhh the Demonspawn Ice Elementalist began the quest for
                  | the Orb.
     0 | D:1      | Reached XP level 1. HP: 13/13 MP: 3/3
   157 | D:1      | Gained mutation: A meltable shield of frost defends you.
                  | (SH +4) [demonic ancestry]
   157 | D:1      | Reached XP level 2. HP: 1/19 MP: 0/5
   450 | D:1      | Found a faded altar of an unknown god.
  1169 | D:1      | Gained mutation: You regenerate magic rapidly. [demonic
                  | ancestry]
  1169 | D:1      | Reached XP level 3. HP: 24/24 MP: 5/7
  1869 | D:2      | Found a runed translucent door.
  1870 | D:2      | Noticed Crazy Yiuf
  1910 | D:2      | Learned a level 3 spell: Frozen Ramparts
  1914 | D:2      | Learned a level 3 spell: Ozocubu's Armour
  2186 | D:2      | Found Tuineu's Armour Shop.
  2510 | D:2      | Killed Crazy Yiuf
  2511 | D:2      | Reached XP level 4. HP: 16/30 MP: 1/8
  2772 | D:3      | Found Hurec's Antique Armour Shop.
  3118 | D:3      | Noticed Natasha
  3125 | D:3      | Killed Natasha
  3127 | D:3      | Gained mutation: Your touch may inflict minor irresistible
                  | damage on your foes. [demonic ancestry]
  3127 | D:3      | Reached XP level 5. HP: 35/35 MP: 7/10
  3161 | D:3      | Noticed Natasha
  3167 | D:3      | Killed Natasha
  3192 | D:3      | Noticed Natasha
  3199 | D:3      | Killed Natasha
  3200 | D:3      | Reached skill level 5 in Ice Magic
  3444 | D:4      | Found a glowing drain.
  3520 | Sewer    | Entered a sewer
  3635 | Sewer    | Noticed Pargi
  3641 | Sewer    | Killed Pargi
  3642 | Sewer    | Reached skill level 5 in Spellcasting
  3642 | Sewer    | Gained mutation: You are partially covered in icy blue
                  | scales. (AC +2) [demonic ancestry]
  3642 | Sewer    | Reached XP level 6. HP: 34/41 MP: 6/13
  4320 | D:4      | Gained mutation: You are mostly covered in icy blue scales.
                  | (AC +3) [demonic ancestry]
  4320 | D:4      | Reached XP level 7. HP: 15/46 MP: 12/16
  4493 | D:5      | Entered Level 5 of the Dungeon
  4512 | D:5      | Found Unterchoorph's Antique Armour Boutique.
  4685 | D:5      | Reached skill level 1 in Fighting
  5046 | D:5      | Found an ornate altar of the Wu Jian Council.
  5591 | D:6      | Gained mutation: When hurt, damage is shared between your
                  | health and your magic reserves. [demonic ancestry]
  5591 | D:6      | Reached XP level 8. HP: 31/60 MP: 10/17
  5746 | D:6      | Learned a level 4 spell: Summon Ice Beast
  5824 | D:6      | Noticed a two-headed ogre
  5837 | D:6      | Killed a two-headed ogre
  5910 | D:6      | Reached skill level 1 in Summonings
  5960 | D:6      | Reached XP level 9. HP: 65/72 MP: 8/19
  6458 | D:7      | Found a staircase to the Ecumenical Temple.
  6803 | D:7      | Noticed a gargoyle
  6809 | D:7      | Killed a gargoyle
  6866 | D:7      | Noticed a gargoyle
  6873 | D:7      | Killed a gargoyle
  6874 | D:7      | Reached skill level 5 in Summonings
  7128 | D:7      | Noticed a gargoyle
  7135 | D:7      | Killed a gargoyle
  7295 | D:7      | Noticed a gargoyle
  7300 | D:7      | Killed a gargoyle
  7750 | D:8      | Reached XP level 10. HP: 79/79 MP: 15/20
  7776 | D:8      | Noticed Erica
  7801 | D:8      | Killed Erica
  7952 | D:8      | Noticed a vault sentinel
  7952 | D:8      | Noticed a vault sentinel
  8379 | D:8      | Learned a level 4 spell: Hailstorm
  8417 | D:8      | Reached skill level 1 in Conjurations
  8505 | D:8      | Found a sacrificial altar of Ru.
  8607 | D:8      | Found the +18 shield of the Gong {rElec rN+ Will+ EV-5}
  8626 | D:8      | Killed a vault sentinel
  8627 | D:8      | Reached skill level 2 in Conjurations
  8629 | D:8      | Killed a vault sentinel
  8645 | D:8      | Reached skill level 3 in Conjurations
  9056 | D:8      | Found a basalt altar of Yredelemnul.
  9111 | D:9      | Noticed Maggie
  9119 | D:9      | Killed Maggie
  9186 | D:9      | Reached skill level 10 in Fighting
  9189 | D:9      | Reached skill level 4 in Conjurations
  9189 | D:9      | Reached skill level 1 in Evocations
  9543 | D:9      | Learned a level 4 spell: Fulminant Prism
  9568 | D:9      | Identified the ring "Pemuank" {+Blink rC+++ rCorr Dex+5}
  9621 | D:9      | Found a transporter.
  9714 | D:9      | Noticed a two-headed ogre
  9714 | D:9      | Noticed paps's ghost (novice OpEE)
  9715 | D:9      | Found a transporter.
  9715 | D:9      | Identified the +1 dire flail of Yxkih {vorpal, rF+ Str+3}
  9715 | D:9      | Noticed a two-headed ogre
  9715 | D:9      | Noticed a two-headed ogre
  9716 | D:9      | Noticed a two-headed ogre
  9938 | D:9      | You fall into a shaft and drop 3 floors!
 10069 | D:12     | Noticed a cyclops
 10080 | D:12     | Reached XP level 11. HP: 90/90 MP: 12/21
 10090 | D:12     | Reached skill level 1 in Hexes
 10176 | D:12     | Reached skill level 5 in Conjurations
 10284 | D:12     | Reached skill level 5 in Evocations
 10564 | D:11     | Noticed a two-headed ogre
 10579 | D:11     | Killed a two-headed ogre
 10580 | D:11     | Noticed Lodul
 10591 | D:11     | Killed Lodul
 10592 | D:11     | Reached skill level 6 in Conjurations
 10783 | D:10     | Entered Level 10 of the Dungeon
 10830 | D:10     | Found a runed translucent gate.
 10830 | D:10     | Found a runed translucent gate.
 10852 | D:10     | Found a staircase to the Lair.
 11058 | D:10     | Found a flagged portal.
 11090 | Bailey   | Entered a bailey
 11144 | Bailey   | Reached skill level 8 in Conjurations
 11144 | Bailey   | Gained mutation: A meltable icy envelope protects you from
                  | harm. (AC +8) [demonic ancestry]
 11144 | Bailey   | Reached XP level 12. HP: 97/97 MP: 21/24
 11631 | D:10     | Found Lifeh's Assorted Antiques.
 11638 | D:10     | Found a staircase to the Orcish Mines.
 11752 | D:10     | Found a portal to a secret trove of treasure.
 11851 | D:10     | Found a runed translucent gate.
 11852 | D:10     | Noticed Flugkiller's ghost (journeyman PaCK)
 11852 | D:10     | Identified the +0 plate armour of Time Monsters {+Inv
                  | Will+}
 12200 | Lair:1   | Entered Level 1 of the Lair of Beasts
 12254 | Lair:1   | Learned a level 4 spell: Iskenderun's Mystic Blast
 12283 | Lair:1   | Reached skill level 1 in Translocations
 12421 | Lair:1   | Noticed a catoblepas
 12449 | Lair:1   | Killed a catoblepas
 12798 | Lair:1   | Reached skill level 1 in Shields
 13224 | Lair:1   | Gained mutation: Your spells are a little easier to cast,
                  | but a little less powerful. [potion of mutation]
 13226 | Lair:1   | Lost mutation: Your spells are a little easier to cast, but
                  | a little less powerful. [potion of mutation]
 13226 | Lair:1   | Gained mutation: You are somewhat resistant to further
                  | mutation. [potion of mutation]
 13289 | Lair:2   | Gained mutation: You are completely covered in icy blue
                  | scales. (AC +4, rC+) [demonic ancestry]
 13289 | Lair:2   | Reached XP level 13. HP: 70/103 MP: 5/26
 13756 | Lair:2   | Reached skill level 5 in Shields
 14055 | Lair:2   | Found a staircase to the Shoals.
 14204 | Lair:2   | Identified the +7 plate armour "Igruo" {rF+ Stlth+}
 14766 | Lair:3   | Found a hole to the Spider Nest.
 14806 | Lair:3   | Noticed Rupert
 14821 | Lair:3   | Identified the +4 quarterstaff of the Lesser Evil {flame,
                  | Dex+6}
 15132 | Lair:3   | Killed Rupert
 15927 | Lair:4   | Reached skill level 10 in Shields
 16754 | Lair:4   | Noticed Sonja
 16764 | Lair:4   | Killed Sonja
 16893 | Lair:5   | Noticed Josephine
 16901 | Lair:5   | Killed Josephine
 16902 | Lair:5   | Gained mutation: Your touch may inflict irresistible damage
                  | on your foes. [demonic ancestry]
 16902 | Lair:5   | Reached XP level 14. HP: 110/110 MP: 16/27
 17039 | Lair:5   | Learned a level 5 spell: Freezing Cloud
 17207 | Lair:5   | Reached skill level 1 in Air Magic
 17270 | Lair:5   | Found a staircase to the Slime Pits.
 17299 | Slime:1  | Entered Level 1 of the Pits of Slime
 17520 | Temple   | Entered the Ecumenical Temple
 17712 | Temple   | Became a worshipper of Fedhas Madash
 18252 | Lair:6   | Entered Level 6 of the Lair of Beasts
 18752 | Lair:6   | Reached * piety under Fedhas
 18753 | Lair:6   | Reached skill level 9 in Conjurations
 19685 | Orc:1    | Entered Level 1 of the Orcish Mines
 19685 | Orc:1    | Found Zejyhom's Weapon Shoppe.
 19865 | Orc:2    | Entered Level 2 of the Orcish Mines
 19987 | Orc:2    | Reached ** piety under Fedhas
 20025 | Orc:2    | Found a staircase to the Elven Halls.
 20060 | Orc:2    | Noticed Saint Roka
 20086 | Orc:2    | Killed Saint Roka
 20087 | Orc:2    | Reached skill level 10 in Conjurations
 20250 | Orc:2    | Reached *** piety under Fedhas
 20494 | Orc:2    | Lost mutation: You are somewhat resistant to further
                  | mutation. [potion of mutation]
 20494 | Orc:2    | Gained mutation: You expend magic power (3 MP) to
                  | strengthen your wands. [potion of mutation]
 20494 | Orc:2    | Gained mutation: You have large cloven feet. [potion of
                  | mutation]
 20641 | Orc:2    | Reached skill level 10 in Ice Magic
 21106 | Orc:2    | Found Samofec's Antique Weapon Shop.
 21106 | Orc:2    | Found Hekoloomp's Armour Shoppe.
 21117 | Orc:2    | Found Sulauw's Antique Armour Shop.
 21117 | Orc:2    | Found Feet's Magic Scroll Shoppe.
 21127 | Orc:2    | Bought a scroll of acquirement for 624 gold pieces
 21128 | Orc:2    | Acquired a staff of cold
 21136 | Orc:2    | Bought a +1 helmet of intelligence for 214 gold pieces
 21223 | Orc:1    | Noticed an orc warlord
 21241 | Orc:1    | Killed an orc warlord
 21242 | Orc:1    | Gained mutation: A meltable icy envelope protects you from
                  | harm. (AC +8) [demonic ancestry]
 21242 | Orc:1    | Reached XP level 15. HP: 105/115 MP: 6/28
 21255 | Orc:1    | Reached **** piety under Fedhas
 22175 | D:11     | Reached skill level 11 in Conjurations
 22533 | D:12     | Found a runed translucent door.
 22643 | D:12     | Found a runed translucent door.
 24337 | D:14     | Reached skill level 10 in Spellcasting
 24578 | D:14     | Found a gate to the Vaults.
 24595 | D:14     | Reached skill level 12 in Conjurations
 25123 | D:14     | Learned a level 5 spell: Lee's Rapid Deconstruction
 25329 | Shoals:1 | Entered Level 1 of the Shoals
 25435 | Shoals:1 | Reached skill level 1 in Invocations
 25456 | Shoals:1 | Reached skill level 1 in Earth Magic
 25462 | Shoals:1 | Reached ***** piety under Fedhas
 25585 | Shoals:1 | Reached skill level 5 in Invocations
 26521 | Shoals:1 | Lost mutation: You have large cloven feet. [potion of
                  | mutation]
 26521 | Shoals:1 | Lost mutation: You expend magic power (3 MP) to strengthen
                  | your wands. [potion of mutation]
 26521 | Shoals:1 | Gained mutation: You have very sharp teeth. [potion of
                  | mutation]
 26521 | Shoals:1 | Gained mutation: Your mind is acute. (Int +2) [potion of
                  | mutation]
 26609 | Shoals:2 | Noticed Louise
 26640 | Shoals:2 | Cast into level 2 of the Abyss (Louise)
 26739 | Abyss:2  | Noticed a hellephant
 26756 | Abyss:2  | Killed a hellephant
 26785 | Abyss:2  | Noticed a tentacled starspawn
 26792 | Abyss:2  | Killed a tentacled starspawn
 26820 | Abyss:2  | Noticed a tentacled starspawn
 26952 | Abyss:2  | Paralysed by accursed screaming for 1 turns
 26970 | Abyss:2  | HP: 1/111 [purple draconian/bolt of dispelling energy (14)]
 27076 | Abyss:2  | Noticed a tentacled starspawn
 27268 | Abyss:2  | Found a corrupted altar of Lugonu.
 27277 | Shoals:2 | Escaped the Abyss
 27510 | Shoals:2 | Cast into level 2 of the Abyss (Louise)
 27533 | Abyss:2  | Noticed a tentacled starspawn
 27534 | Abyss:2  | Found a corrupted altar of Lugonu.
 27545 | Abyss:2  | Killed a tentacled starspawn
 27590 | Abyss:2  | Noticed a lich
 27620 | Abyss:2  | Noticed a tentacled starspawn
 27632 | Abyss:2  | HP: 4/108 [tentacled starspawn (17)]
 27633 | Abyss:2  | Demolished by a tentacled starspawn

Illustrated notes

Levels and vault maps discovered:
D:1:      wander_arrival_lonely_grave, layout_loops_cross,
          hellmonk_ecumenical_altar_blasted, dreamdust_wishing_well
D:2:      layout_basic, serial_shops, shop, minmay_misc_feat_four_crosses,
          uniq_crazy_yiuf_cottage
D:3:      layout_basic, serial_shops, nicolae_shop_behind_doors,
          mrwooster_statue_mirror, uniq_natasha
D:4:      layout_loops_ring, portal_sewer_entry_a,
          nicolae_elevator_lobby_asterisk
D:5:      layout_basic, mainiacjoe_overflow_big_doors, serial_shops,
          nicolae_shop_stone
D:6:      layout_loops_ring, grunt_decor_one_mirror
D:7:      cheibrodos_statue_roulette, layout_basic,
          minmay_temple_entry_purple_smoke
D:8:      layout_basic, yredelemnul_forgotten_temple_becter,
          nicolae_ru_great_annihilating_truth, hellmonk_guarded_unrand_gong,
          uniq_erica
D:9:      layout_roguey, gammafunk_ghost_smash, uniq_maggie
D:10:     layout_cross, david_lair_shrubbed, gammafunk_ghost_nasty_kobolds,
          nicolae_trove_entry_crystal, serial_shops, shop_statue, enter_bailey_5
D:11:     layout_layer_cave, minmay_misc_feat_enclosed, uniq_lodul
D:12:     minmay_expanding_circles, layout_gridville, serial_bayou,
          serial_bayou_pond_e, serial_bayou_pond_e, serial_bayou_ford_a,
          serial_bayou_pond_d, serial_bayou_shore_a, pond
D:13:     layout_layer_cave, minmay_hedge_maze, roderic_serpentine_path
D:14:     layout_gridville, lightli_vaults_fourway_checkpoint, minivault_26
Temple:   eino_narrow_crystal_temple
Lair:1:   layout_cave_pods
Lair:2:   layout_gridlike, minmay_shoals_entry_hut, special_room
          [special_room_bee], serial_bayou_lagoon_a
Lair:3:   layout_layer_cave, spider_nest_entry_webs, minivault_27,
          grunt_forest_small_clearing_treed, lemuel_fruit_fields,
          infiniplex_staircase_pool, uniq_rupert
Lair:4:   lemuel_reptile_caves, layout_small_grid, uniq_sonja
Lair:5:   layout_loops_ring, minmay_slime_entry_pillars,
          small_statue_intersection, uniq_josephine
Lair:6:   gammafunk_lair_ancient_temple, layout_loops_ring
Shoals:1: layout_shoals, nicolae_shoals_loop_pool
Shoals:2: nzn_motion_control, layout_shoals, gammafunk_ghost_cemetery,
          uniq_ilsuiw, uniq_louise
Slime:1:  layout_caves
Orc:1:    layout_caves, basic_altar, serial_shops, shop
Orc:2:    grunt_orc_tribal_feast, layout_diamond_mine, uniq_saint_roka
Abyss:2:  base: Slime:1, onia_ninara_dug_in_and_dangerous, hangedman_eye_storm,
          gammafunk_abyss_exit_x_factor, abyss_greek_temple,
          bh_silent_lugonu_exit, base:
Elf:2

Skill      XL: |  1  2  3  4  5  6  7  8  9 10 11 12 13 14 15 |
---------------+----------------------------------------------+-----
Ice Magic      | 4 5 6 8 10 11 | 11.0
Spellcasting   | 3 5 6 7 8 9 10 | 10.6
Fighting       | 3 7 10 | 10.0
Summonings     | 2 6 |  6.0
Conjurations   | 4 8 10 12 | 12.0
Evocations     | 4 8 |  8.0
Hexes          | 4 |  4.0
Translocations | 4 |  4.0
Shields        | 3 10 | 10.8
Air Magic      | 4 |  4.0
Invocations    | 9 |  9.5
Earth Magic    | 4 |  4.5
Dodging        | |  1.7
Stealth        | |  1.7

Action                   |  1- 3 |  4- 6 |  7- 9 | 10-12 | 13-15 || total
-------------------------+-------+-------+-------+-------+-------++-------
Melee: Unarmed           |    31 |       |       |       |       ||    31
       War axe           |    23 |       |       |    18 |   322 ||   363
       Quarterstaff      |       |    38 |    71 |   100 |       ||   209
       Dire flail        |       |       |       |    94 |       ||    94
       Falchion          |       |       |       |       |   113 ||   113
       Kick              |       |       |       |       |    84 ||    84
       Staff             |       |       |       |       |   264 ||   264
       Bite              |       |       |       |       |    21 ||    21
Throw: Throwing net      |       |       |       |       |     1 ||     1
 Cast: Freeze            |    61 |    35 |    62 |    92 |   442 ||   692
       Frozen Ramparts   |     2 |     5 |    15 |    40 |   109 ||   171
       Ozocubu's Armour  |     1 |     3 |    13 |    25 |    68 ||   110
       Summon Ice Beast  |       |       |     5 |    13 |    16 ||    34
       Hailstorm         |       |       |       |     9 |     2 ||    11
       Fulminant Prism   |       |       |       |     2 |    14 ||    16
       Iskenderun's Myst |       |       |       |     1 |    42 ||    43
       Freezing Cloud    |       |       |       |       |    51 ||    51
       Lee's Rapid Decon |       |       |       |       |     5 ||     5
Invok: Overgrow          |       |       |       |       |     3 ||     3
Evoke: Wand              |       |       |     1 |     6 |    22 ||    29
       Lightning rod     |       |       |       |       |     1 ||     1
       Phial of floods   |       |       |       |       |     1 ||     1
  Use: Potion            |     3 |       |       |    13 |    30 ||    46
       Scroll            |       |       |       |    13 |    18 ||    31
 Stab: Sleeping          |     2 |     1 |       |     6 |     1 ||    10
       Distracted        |       |       |       |       |     1 ||     1
Armor: Robe              |    12 |    12 |       |       |       ||    24
       Troll leather arm |       |    13 |    56 |   171 |   687 ||   927
Dodge: Dodged            |    49 |    41 |    92 |   225 |   514 ||   921
Block: Other             |    16 |    11 |    22 |    63 |       ||   112
       Kite shield       |       |       |       |    32 |  1456 ||  1488

Table legend: (Time is in decaauts)
 A = Elapsed time spent in this place.
 B = Non-inter-level travel time spent in this place.
 C = Inter-level travel time spent in this place.
 D = Time resting spent in this place.
 E = Time spent auto-exploring this place.
 F = Levels seen in this place.
 G = Mean time per level.
                   A        B        C        D        E       F      G
               +--------+--------+--------+--------+--------+-----+--------+
         Total |  28425 |  26426 |   1999 |   1159 |  18635 |  30 |  947.5 |
       Dungeon |  15536 |  14314 |   1222 |    810 |  10889 |  14 | 1109.7 |
        Temple |    200 |    176 |     24 |      0 |    165 |   1 |  200.0 |
          Lair |   7523 |   6873 |    650 |      0 |   4864 |   6 | 1253.8 |
        Shoals |   1663 |   1618 |     45 |      0 |   1028 |   2 |  831.5 |
    Slime Pits |      2 |      2 |      0 |      0 |      0 |   1 |    2.0 |
  Orcish Mines |   1972 |   1916 |     56 |    260 |   1048 |   2 |  986.0 |
         Abyss |    812 |    812 |      0 |      0 |    232 |   2 |  406.0 |
         Sewer |    239 |    239 |      0 |      0 |    174 |   1 |  239.0 |
        Bailey |    474 |    474 |      0 |     89 |    235 |   1 |  474.0 |
               +--------+--------+--------+--------+--------+-----+--------+

Top non-repeatable levels by time:
     D:7: 1871 daAuts
     D:1: 1670 daAuts
Shoals:1: 1579 daAuts
  Lair:2: 1440 daAuts
  Lair:4: 1369 daAuts
  Lair:6: 1276 daAuts
    D:12: 1239 daAuts
  Lair:3: 1231 daAuts
    D:13: 1229 daAuts
     D:5: 1166 daAuts
  Lair:1: 1157 daAuts
   Orc:2: 1128 daAuts
     D:8: 1098 daAuts
    D:10: 1095 daAuts
  Lair:5: 1047 daAuts
